 Dungeon Crawl Stone Soup version 0.23.2-40-g277498a001 (webtiles) character file.

Game seed: 7830576407302740736

382 Emblim88 the Grasshopper (level 6, -5/51 HPs)
             Began as a Gnoll Warper on Aug 24, 2019.
             Slain by an orc
             ... wielding a +0 mace
              (6 damage)
             ... on level 4 of the Dungeon.
             The game lasted 00:05:40 (3273 turns).

Emblim88 the Grasshopper (Gnoll Warper)             Turns: 3273, Time: 00:05:41

Health: -5/51      AC:  5    Str: 11 (13) XL:     6   Next: 76%
Magic:  14/14      EV: 12    Int: 16      God:
Gold:   170        SH:  0    Dex: 13 (16) Spells: 4/15 levels left

rFire    . . .     SeeInvis .   q - +0 great sword
rCold    . . .     Gourm    .   (shield currently unavailable)
rNeg     + . .     Faith    .   h - +0 ring mail
rPois    .         Spirit   .   (no helmet)
rElec    .         Reflect  .   (no cloak)
rCorr    .         Harm     .   (no gloves)
MR       .....                  (no boots)
Stlth    ++........             i - amulet of regeneration
HPRegen  0.57/turn              m - ring of stealth
MPRegen  0.14/turn              r - ring of positive energy

@: lethally poisoned (-5 -> -6)
A: distributed training, fangs 1, strong nose
a: no special abilities


You were on level 4 of the Dungeon.
You were not hungry.

You visited 1 branch of the dungeon, and saw 4 of its levels.

You collected 170 gold pieces.

Inventory:

Hand Weapons
 a - a +0 falchion
 q - a +0 great sword (weapon)
Missiles
 e - 5 tomahawks of dispersal (quivered)
 s - 4 tomahawks
Armour
 b - a +0 leather armour
 h - a +0 ring mail (worn)
Jewellery
 i - an amulet of regeneration (around neck)
 m - a ring of stealth (left hand)
 r - a ring of positive energy (right hand)
 t - an uncursed ring of poison resistance
Wands
 p - a wand of disintegration (10)
Scrolls
 d - 2 scrolls of blinking
 k - 2 scrolls of remove curse
 l - a scroll of immolation {unknown}
Potions
 c - a potion of curing
 g - a potion of flight
 j - a potion of cancellation {unknown}
 n - a potion of magic {unknown}
 o - a potion of haste {unknown}
Comestibles
 f - 7 rations


   Skills:
 + Level 5.0 Fighting
 + Level 2.0 Short Blades
 + Level 5.0 Long Blades
 + Level 2.0 Axes
 + Level 2.0 Maces & Flails
 + Level 2.0 Polearms
 + Level 2.0 Staves
 + Level 2.0 Slings
 + Level 2.0 Bows
 + Level 2.0 Crossbows
 + Level 3.3 Throwing
 + Level 3.3 Armour
 + Level 5.0 Dodging
 + Level 2.0 Stealth
 + Level 2.0 Shields
 + Level 2.0 Unarmed Combat
 + Level 5.4 Spellcasting
 + Level 1.6 Conjurations
 + Level 1.6 Hexes
 + Level 1.6 Charms
 + Level 1.6 Summonings
 + Level 1.6 Necromancy
 + Level 5.7 Translocations
 + Level 1.6 Transmutations
 + Level 1.6 Fire Magic
 + Level 1.6 Ice Magic
 + Level 1.6 Air Magic
 + Level 1.6 Earth Magic
 + Level 1.6 Poison Magic
 + Level 2.2 Invocations
 + Level 2.0 Evocations


You had 4 spell levels left.
You knew the following spells:

 Your Spells              Type           Power        Failure   Level  Hunger
a - Blink                 Tloc           N/A          4%          2    #......
b - Shroud of Golubria    Chrm/Tloc      ###.......   11%         2    #......
c - Passage of Golubria   Tloc           N/A          32%         4    ####...
d - Teleport Other        Tloc           ###.....     10%         3    ###....

Your spell library contained the following spells:

 Spells                   Type           Power        Failure   Level  Hunger
 Gell's Gravitas          Tloc           ###.......   10%         3    ###....
 Lesser Beckoning         Tloc           ###.......   10%         3    ###....


Dungeon Overview and Level Annotations

Branches:
Dungeon (4/15)
 Temple: D:4-7

Altars:


Innate Abilities, Weirdness & Mutations

Your experience applies equally to all skills.
You have very sharp teeth.
Your uncanny sense of smell can sniff out nearby items.


Message History

Something tries to affect you, but you resist.
The orc hits you with a +0 mace.
You hit the orc but do no damage.
You feel sick. Something hits you but does no damage.
The orc barely misses you.
You miss something.
You feel sick. Something hits you.
* * * LOW HITPOINT WARNING * * *
The orc closely misses you. Something barely misses you.
You're too confused to move!
You feel less confused. The orc hits you with a +0 mace.
* * * LOW HITPOINT WARNING * * *
Something hits you but does no damage.
You hit something but do no damage.
You feel sick. Something hits you.
* * * LOW HITPOINT WARNING * * *
The orc hits you with a +0 mace.
* * * LOW HITPOINT WARNING * * *
You completely miss something.
You feel sick. Something hits you.
* * * LOW HITPOINT WARNING * * *
The orc hits you with a +0 mace.
You die...

.# #.### #. #. # ..
#.### ## ..... ......
#### #### #...###..
..# #oo@#.# #.#
#...#{#.# #.######
##.
#...#####......###
#.####.#...#.####....
#......#...#.# #####
######.......# #
######### #


You could see 2 orcs.

Vanquished Creatures
  A scorpion (D:2)
  A hound (D:4)
  An orc priest (D:3)
  An orc wizard (D:3)
  Jessica (D:3)
  An iguana (D:4)
  A worker ant (D:4)
  8 adders
  3 oozes (D:1)
  4 dart slugs
  3 leopard geckos
  9 orcs
  A giant cockroach (D:2)
  7 goblins
  8 hobgoblins
  4 bats
  10 frilled lizards
  8 kobolds
  11 rats
83 creatures vanquished.

Vanquished Creatures (others)
  12 toadstools (D:4)
12 creatures vanquished.

Grand Total: 95 creatures vanquished

Notes
Turn   | Place    | Note
-------+----------+-------------------------------------------
     0 | D:1      | Emblim88 the Gnoll Warper began the quest for the Orb.
     0 | D:1      | Reached XP level 1. HP: 20/20 MP: 6/6
    35 | D:1      | Reached XP level 2. HP: 23/26 MP: 7/7
   340 | D:1      | Reached skill level 5 in Spellcasting
   340 | D:1      | Reached XP level 3. HP: 31/31 MP: 7/9
   508 | D:1      | Reached skill level 1 in Invocations
   883 | D:2      | Reached skill level 1 in Short Blades
   883 | D:2      | Reached skill level 1 in Axes
   883 | D:2      | Reached skill level 1 in Maces & Flails
   883 | D:2      | Reached skill level 1 in Polearms
   883 | D:2      | Reached skill level 1 in Staves
   883 | D:2      | Reached skill level 1 in Slings
   883 | D:2      | Reached skill level 1 in Bows
   883 | D:2      | Reached skill level 1 in Crossbows
   883 | D:2      | Reached skill level 1 in Stealth
   883 | D:2      | Reached skill level 1 in Shields
   883 | D:2      | Reached skill level 1 in Unarmed Combat
   883 | D:2      | Reached skill level 1 in Evocations
   906 | D:2      | Noticed a scorpion
   917 | D:2      | Killed a scorpion
   917 | D:2      | Reached skill level 1 in Conjurations
   917 | D:2      | Reached skill level 1 in Hexes
   917 | D:2      | Reached skill level 1 in Charms
   917 | D:2      | Reached skill level 1 in Summonings
   917 | D:2      | Reached skill level 1 in Necromancy
   917 | D:2      | Reached skill level 1 in Transmutations
   917 | D:2      | Reached skill level 1 in Fire Magic
   917 | D:2      | Reached skill level 1 in Ice Magic
   917 | D:2      | Reached skill level 1 in Air Magic
   917 | D:2      | Reached skill level 1 in Earth Magic
   917 | D:2      | Reached skill level 1 in Poison Magic
   917 | D:2      | Reached XP level 4. HP: 36/38 MP: 11/11
   921 | D:2      | Learned a level 2 spell: Blink
   924 | D:2      | Learned a level 2 spell: Shroud of Golubria
   929 | D:2      | Learned a level 4 spell: Passage of Golubria
   986 | D:2      | Reached XP level 5. HP: 39/43 MP: 12/12
  2030 | D:3      | HP: 2/43 [poisoned by an adder]
  2287 | D:3      | Noticed Jessica
  2296 | D:3      | Reached XP level 6. HP: 36/50 MP: 13/13
  2302 | D:3      | Killed Jessica
  2816 | D:4      | Reached skill level 5 in Fighting
  2816 | D:4      | Reached skill level 5 in Long Blades
  2816 | D:4      | Reached skill level 5 in Dodging
  3188 | D:4      | Learned a level 3 spell: Teleport Other
  3273 | D:4      | HP: 1/51 [something (2)]
  3273 | D:4      | Slain by an orc

Skill      XL: |  1  2  3  4  5  6 |
---------------+-------------------+-----
Spellcasting   | 5 |  5.4
Invocations    | 1 2 |  2.2
Short Blades   | 1 2 |  2.0
Axes           | 1 2 |  2.0
Maces & Flails | 1 2 |  2.0
Polearms       | 1 2 |  2.0
Staves         | 1 2 |  2.0
Slings         | 1 2 |  2.0
Bows           | 1 2 |  2.0
Crossbows      | 1 2 |  2.0
Stealth        | 1 2 |  2.0
Shields        | 1 2 |  2.0
Unarmed Combat | 1 2 |  2.0
Evocations     | 1 2 |  2.0
Conjurations   | 1 |  1.6
Hexes          | 1 |  1.6
Charms         | 1 |  1.6
Summonings     | 1 |  1.6
Necromancy     | 1 |  1.6
Transmutations | 1 |  1.6
Fire Magic     | 1 |  1.6
Ice Magic      | 1 |  1.6
Air Magic      | 1 |  1.6
Earth Magic    | 1 |  1.6
Poison Magic   | 1 |  1.6
Throwing       | 3 |  3.3
Armour         | 3 |  3.3
Fighting       | 5 |  5.0
Long Blades    | 5 |  5.0
Dodging        | 5 |  5.0
Translocations | |  5.7

Action                   |  1- 3 |  4- 6 || total
-------------------------+-------+-------++-------
Melee: Falchion          |    69 |    42 ||   111
       Bite              |    10 |    13 ||    23
       Great sword       |       |   123 ||   123
  Use: Scroll            |     1 |     2 ||     3
       Potion            |       |     4 ||     4
 Stab: Distracted        |     1 |       ||     1
       Sleeping          |     1 |       ||     1
  Eat: Chunk             |       |     5 ||     5
       Ration            |       |     1 ||     1
Armor: Leather armour    |     3 |       ||     3
       Ring mail         |     5 |    67 ||    72
Dodge: Dodged            |    48 |   156 ||   204
       Rpst.: Falchion   |    16 |     9 ||    25
       Great sword       |       |    38 ||    38
